 Dungeon Crawl Stone Soup version 0.26-a0-690-gcb57259078 (webtiles) character file.

Game seed: 8186578586091840538

8051 Essalna the Thaumaturge (level 11, -1/66 HPs)
             Began as a Deep Elf Ice Elementalist on Oct 24, 2020.
             Was a Follower of Vehumet.
             Slain by a cyan ugly thing (13 damage)
             ... on level 9 of the Dungeon.
             The game lasted 00:27:24 (9915 turns).

Essalna the Thaumaturge (Deep Elf Ice Elementalist) Turns: 9915, Time: 00:27:24

Health: -1/66      AC: 14    Str:  8    XL:     11   Next: 4%
Magic:  36/37      EV: 19    Int: 24    God:    Vehumet [*.....]
Gold:   609        SH:  0    Dex: 19    Spells: 28/32 levels left

rFire    . . .     SeeInvis +   I - +10 spear "Zaegosas" {freeze, MR+ Str+3 Dex+4}
rCold    . . .     Faith    .   (no shield)
rNeg     . . .     Spirit   .   x - +3 leather armour
rPois    .         Reflect  .   J - +2 helmet {SInv}
rElec    .         Harm     .   (no cloak)
rCorr    .         Rampage  .   b - +0 pair of gloves
MR       ++...                  (no boots)
Stlth    ++........             (no amulet)
HPRegen  0.21/turn              m - ring of magical power
MPRegen  0.25/turn              E - +4 ring of protection

@: frozen ramparts, studying Air Magic
A: no striking features
a: Renounce Religion


You were on level 9 of the Dungeon.
You worshipped Vehumet.
Vehumet was aware of your devotion.
You visited 2 branches of the dungeon, and saw 10 of its levels.
You also visited: Ossuary.

You collected 609 gold pieces.

Inventory:

Hand Weapons
 d - a +1 dagger of holy wrath
 q - a +2 dagger of electrocution
 I - the +10 spear "Zaegosas" (weapon) {freeze, MR+ Str+3 Dex+4}
   (You found it on level 5 of the Dungeon)

   It has been specially enchanted to freeze those struck by it, causing extra
   injury to most foes and up to half again as much damage against particularly
   susceptible opponents.
   It can also slow down cold-blooded creatures.
   It affects your strength (+3).
   It affects your dexterity (+4).
   It affects your resistance to hostile enchantments.
 M - the +6 long sword of Vifiy {vorpal, rF+ rN+ SInv, unknown}
   (You found it on level 6 of the Dungeon)

   It inflicts extra damage upon your enemies.
   It protects you from fire.
   It protects you from negative energy.
   It lets you see invisible.
Armour
 a - a +0 robe
 b - a +0 pair of gloves (worn)
 x - a +3 leather armour (worn)
 J - a +2 helmet of see invisible (worn)
Magical Staves
 C - an uncursed staff of earth {unknown}
 P - an uncursed staff of poison {unknown}
 V - an uncursed staff of conjuration {unknown}
Jewellery
 m - a ring of magical power (left hand)
 o - an uncursed ring of fire
 w - an uncursed ring of stealth
 E - a +4 ring of protection (right hand)
 G - a cursed -4 ring of strength {unknown}
 K - an uncursed amulet of guardian spirit
 T - a cursed -4 ring of evasion {unknown}
 U - an uncursed ring of protection from magic
 W - the amulet of the Air {Inacc +Fly rElec EV+5 RMsl}
   (You found it on level 9 of the Dungeon)

   [amulet of inaccuracy]

   It reduces the accuracy of all your attacks.
   It affects your evasion (+5).
   It insulates you from electricity.
   It lets you fly.
   It protects you from missiles.
Wands
 y - a wand of acid (9)
 B - a wand of random effects (17)
 D - a wand of disintegration (6)
 R - a wand of paralysis (7)
Scrolls
 g - 11 scrolls of identify
 i - 4 scrolls of magic mapping
 k - 2 scrolls of immolation {unknown}
 n - 8 scrolls of teleportation {unknown}
 s - 4 scrolls of enchant weapon {unknown}
 t - 4 scrolls of remove curse {unknown}
 u - 2 scrolls of fog {unknown}
 v - 2 scrolls of amnesia {unknown}
 A - 5 scrolls of noise {unknown}
 H - 2 scrolls of enchant armour {unknown}
 L - 4 scrolls of fear {unknown}
 S - a scroll of blinking {unknown}
Potions
 c - a potion of flight {unknown}
 e - 7 potions of degeneration {unknown}
 f - 5 potions of mutation {unknown}
 h - 3 potions of heal wounds {unknown}
 j - 3 potions of lignification {unknown}
 l - 2 potions of stabbing {unknown}
 p - 2 potions of berserk rage {unknown}
 r - a potion of brilliance {unknown}
 z - a potion of cancellation {unknown}
 F - 5 potions of curing {unknown}
 N - 3 potions of ambrosia {unknown}
 Q - 2 potions of might {unknown}
Books
 O - a manual of Air Magic


   Skills:
 + Level 6.7 Fighting
 - Level 3.0 Armour
 + Level 10.1 Dodging
 - Level 2.4 Stealth
 + Level 11.3 Spellcasting
 + Level 10.3 Ice Magic


You had 28 spell levels left.
You knew the following spells:

 Your Spells              Type           Power        Failure   Level
a - Freeze                Ice            ####         1%          1
b - Frozen Ramparts       Ice            ######       1%          3

Your spell library contained the following spells:

 Spells                   Type           Power        Failure   Level
 Sandblast                Erth           ##....       7%          1
 Ensorcelled Hibernation  Hex/Ice        #####.       1%          2
 Ozocubu's Armour         Ice            ######..     1%          3
 Beastly Appendage        Tmut           ##....       7%          1
 Magic Dart               Conj           ##..         7%          1
 Sting                    Tmut/Pois      ##..         7%          1
 Hailstorm                Conj/Ice       #####...     8%          4
 Summon Ice Beast         Ice/Summ       #####...     8%          4
 Blink                    Tloc           N/A          10%         2
 Call Imp                 Summ           ##......     10%         2
 Slow                     Hex            ##......     10%         2
 Conjure Flame            Conj/Fire      ##......     21%         3
 Lesser Beckoning         Tloc           ##........   21%         3
 Mephitic Cloud           Conj/Pois/Air  ##......     21%         3
 Spider Form              Tmut/Pois      ##........   21%         3
 Borgnjor's Vile Clutch   Necr/Erth      ##........   88%         5
 Silence                  Hex/Air        ##........   88%         5
 Shadow Creatures         Summ           N/A          100%        6


Dungeon Overview and Level Annotations

Branches:
Dungeon (9/15)             Temple (1/1) D:7         Ossuary (visited)
   Lair: D:8-11         Orc: D:9-12

Altars:
Ashenzari
Cheibriados
Dithmenos
Elyvilon
Gozag
Hepliaklqana
Kikubaaqudgha
Makhleb
Nemelex Xobeh
Okawaru
Qazlal
Ru
Trog
Uskayaw
Vehumet
Wu Jian
Xom
Yredelemnul
The Shining One
Lugonu

Shops:
D:3 *   D:4 (

Annotations:
D:7 2 runed translucent doors


Message History

The wall freezes the brown ugly thing!
The wall freezes the red ugly thing!
The wall freezes the cyan ugly thing.
The wall freezes the brown ugly thing!
The brown ugly thing basks in the mutagenic energy from its kin and changes!
The wall freezes the cyan ugly thing!
The wall freezes the cyan ugly thing.
The cyan ugly thing pecks you but does no damage.
Found an emerald potion and a glowing golden potion.
Found 18 bolts and a scroll of identify.
The wall freezes the red ugly thing.
The red ugly thing misses you.
The wall freezes the red ugly thing!
You hit the red ugly thing but do no damage.
The red ugly thing is almost dead.
The wall freezes the red ugly thing.
The red ugly thing engulfs you!
You are engulfed in flames!
* * * LOW HITPOINT WARNING * * *
The wall freezes the red ugly thing.
The red ugly thing headbutts you but does no damage.
The wall freezes the cyan ugly thing.
The cyan ugly thing pecks you.
* * * LOW HITPOINT WARNING * * *
The cyan ugly thing shocks you!
You die...

.. .# # .#####.### .#
# .##)[(.?#?#.#[# #. #
.#$$$..#.#.#.##.# ##
#.[[$(..#..#).#.###.
#$(!!.##.#..#(###.#
):$.! #.#)##.))).#
##u#####.#####.###
##@#.##.....#.)#).#
##uu#.u#.()#.#.###.#
#.##(##....##...(...
#..#..#..#.##..#.###.#
#..##.#(##..#..#..#.^#
#.##
##.#####.#####.### ...
#...##..# ....## #.#
.##.###.##.####.# ..#
... ............... ..


You could see 3 ugly things.

Vanquished Creatures
  2 two-headed ogres
  A centaur warrior (D:9)
  A wizard (D:9)
  An unseen horror (D:7)
  Maggie (D:6)
  A hornet (D:7)
  Sigmund (D:5)
  3 wraiths
  A yak (D:9)
  Menkaure (D:5)
  4 orc warriors
  An ice beast (D:5)
  2 sky beasts (D:8)
  A phantom (D:7)
  2 necrophages (D:7)
  An ogre (D:8)
  2 centaurs
  An elf zombie (D:7)
  5 bullfrogs
  5 scorpions
  A water moccasin skeleton (D:7)
  8 wights
  4 howler monkeys
  A bullfrog zombie (D:5)
  2 quasits (D:7)
  5 orc priests
  2 human zombies (D:7)
  7 hounds
  A jelly (D:5)
  4 human skeletons (D:7)
  6 iguanas
  6 orc wizards
  7 worker ants
  A bullfrog simulacrum (D:9)
  A hound skeleton (D:7)
  A mummy (D:7)
  2 howler monkey zombies
  4 gnolls
  14 adders
  2 white imps
  An ufetubus (D:7)
  5 adder zombies
  2 oozes
  2 adder skeletons
  4 worms
  6 leopard geckos
  33 orcs
  2 ball pythons (D:2)
  5 giant cockroaches
  5 goblins
  7 hobgoblins
  5 jackals
  5 quokkas
  A ball python skeleton (Ossuary)
  10 bats
  5 frilled lizards
  2 hobgoblin skeletons (Ossuary)
  A hobgoblin zombie (Ossuary)
  A jackal zombie (D:7)
  12 kobolds
  2 kobold zombies (Ossuary)
  2 orc skeletons (Ossuary)
  7 rats
241 creatures vanquished.

Vanquished Creatures (others)
  A bush (D:4)
  5 fungi (D:9)
  11 plants
17 creatures vanquished.

Grand Total: 258 creatures vanquished

Notes
Turn   | Place    | Note
-------+----------+-------------------------------------------
     0 | D:1      | Essalna the Deep Elf Ice Elementalist began the quest for
                  | the Orb.
     0 | D:1      | Reached XP level 1. HP: 10/10 MP: 6/6
   243 | D:1      | Reached XP level 2. HP: 15/15 MP: 3/8
   660 | D:1      | Reached skill level 4 in Spellcasting
  1153 | D:1      | Reached skill level 5 in Ice Magic
  1153 | D:1      | Reached XP level 3. HP: 6/19 MP: 10/10
  1794 | D:2      | Learned a level 3 spell: Frozen Ramparts
  2158 | D:2      | Found a hide-covered altar of Uskayaw.
  2737 | D:2      | Reached XP level 4. HP: 23/24 MP: 12/12
  2973 | D:3      | Reached skill level 1 in Fighting
  3066 | D:3      | Found Gozag's Platinum Reserve.
  3080 | D:3      | Found an opulent altar of Gozag.
  3166 | D:3      | Reached XP level 5. HP: 29/29 MP: 14/14
  3836 | D:4      | Reached skill level 5 in Spellcasting
  3883 | D:4      | Got an ancient quarterstaff
  3884 | D:4      | Identified the +9 quarterstaff of Profit {chaos, Fragile
                  | MP+9 Int+8} (You found it on level 4 of the Dungeon)
  3978 | D:4      | Reached XP level 6. HP: 35/35 MP: 16/16
  3994 | D:4      | Found Xaith's Weapon Shop.
  4043 | D:4      | Found an iron altar of Okawaru.
  4340 | D:4      | Found a hazy altar of Hepliaklqana.
  4529 | D:4      | Found a burning altar of Makhleb.
  4529 | D:4      | Noticed an Executioner
  4628 | D:5      | Entered Level 5 of the Dungeon
  4669 | D:5      | Found a shadowy altar of Dithmenos.
  4718 | D:5      | Reached skill level 6 in Spellcasting
  4878 | D:5      | Found a stormy altar of Qazlal.
  4908 | D:5      | Reached XP level 7. HP: 40/40 MP: 18/18
  4956 | D:5      | Noticed Sigmund
  4963 | D:5      | Killed Sigmund
  4963 | D:5      | Reached skill level 5 in Dodging
  5445 | D:5      | Found a glowing golden altar of the Shining One.
  5508 | D:5      | Reached skill level 7 in Spellcasting
  5532 | D:5      | Noticed Menkaure
  5540 | D:5      | Killed Menkaure
  5540 | D:5      | Reached XP level 8. HP: 37/46 MP: 20/20
  5652 | D:5      | Got a polished spear
  5653 | D:5      | Identified the +10 spear "Zaegosas" {freeze, MR+ Str+3
                  | Dex+4} (You found it on level 5 of the Dungeon)
  6036 | D:6      | Noticed Maggie
  6052 | D:6      | Killed Maggie
  6248 | D:6      | Reached skill level 8 in Spellcasting
  6285 | D:6      | Reached skill level 1 in Armour
  6364 | D:6      | Got an iridescent long sword
  6416 | D:6      | Found a broken altar of Ashenzari.
  6619 | D:7      | Found a bloodstained altar of Trog.
  6627 | D:7      | Reached XP level 9. HP: 52/52 MP: 23/23
  6807 | D:7      | Found a large runed translucent door.
  6807 | D:7      | Found a large runed translucent door.
  6855 | D:7      | Identified the Collected Works on Displaced Transmigration
  6965 | D:7      | Found a snail-covered altar of Cheibriados.
  6971 | D:7      | Found a large runed translucent door.
  6971 | D:7      | Found a large runed translucent door.
  7249 | D:7      | Reached skill level 9 in Spellcasting
  7289 | D:7      | Found an ancient bone altar of Kikubaaqudgha.
  7345 | D:7      | Reached skill level 5 in Fighting
  7441 | D:7      | Found a staircase to the Ecumenical Temple.
  7449 | Temple   | Entered the Ecumenical Temple
  7469 | Temple   | Became a worshipper of Vehumet
  8089 | D:7      | Noticed an unseen horror
  8093 | D:7      | Killed an unseen horror
  8093 | D:7      | Reached XP level 10. HP: 57/59 MP: 25/25
  8382 | D:8      | Found a sand-covered staircase.
  8390 | Ossuary  | Entered an ossuary
  8660 | Ossuary  | Reached skill level 10 in Spellcasting
  8830 | D:8      | Reached * piety under Vehumet
  8830 | D:8      | Offered knowledge of Sandblast by Vehumet.
  9363 | D:8      | Noticed a two-headed ogre
  9375 | D:8      | Killed a two-headed ogre
  9584 | D:9      | Noticed an unseen horror
  9585 | D:9      | Noticed a wizard
  9601 | D:9      | Killed a wizard
  9625 | D:9      | Noticed a centaur warrior
  9632 | D:9      | Killed a centaur warrior
  9632 | D:9      | Reached skill level 11 in Spellcasting
  9632 | D:9      | Reached skill level 10 in Ice Magic
  9687 | D:9      | Noticed a two-headed ogre
  9713 | D:9      | Killed a two-headed ogre
  9713 | D:9      | Reached skill level 10 in Dodging
  9713 | D:9      | Reached XP level 11. HP: 30/66 MP: 28/28
  9778 | D:9      | Found the amulet of the Air {Inacc +Fly rElec EV+5 RMsl}
  9903 | D:9      | Noticed a red ugly thing
  9903 | D:9      | Noticed a cyan ugly thing
  9903 | D:9      | Noticed a brown ugly thing
  9915 | D:9      | Slain by a cyan ugly thing

Illustrated notes

Levels and vault maps discovered:
D:1:      shiori_angband_town, layout_basic, minmay_misc_feat_secret_circle,
          minmay_heptomino_w4
D:2:      layout_basic, overflow_temple_1_default
D:3:      layout_basic, nicolae_gozag_zags_fifth_avenue
D:4:      layout_loops_ring, marbit_many_paths, makhleb_altar_promises_db,
          okawaru_ov_weapons_minmay, serial_shops, shop, serial_forest,
          infiniplex_forest_straight_4, infiniplex_forest_zigzag_1,
          infiniplex_forest_straight_3, infiniplex_forest_lined_room_,
          infiniplex_forest_straight_4, infiniplex_forest_lined_ring,
          infiniplex_forest_end_1, infiniplex_forest_corner_2,
          infiniplex_forest_clump_large
D:5:      layout_cave_pools, lemuel_crystal_altar, lemuel_doored_altar,
          chequers_hall_statues_corner_a, lemuel_altar_in_water, uniq_sigmund,
          uniq_menkaure
D:6:      layout_rooms, kennysheep_mini, minmay_misc_feat_four_crosses,
          minmay_liquid_box, uniq_maggie
D:7:      layout_basic, cheibriados_altar_1,
          lemuel_mausoleum_altar_kikubaaqudgha, nicolae_overflow_crystal_walls,
          minmay_temple_entry_statues_fountains, chequers_serial_rivers_room_b,
          minmay_misc_feat_x, minmay_hollow_rounded_squares
D:8:      layout_rooms, nicolae_ossuary_entry_plus, grunt_decor_fettered,
          hangedman_abyss_or_decor_lesser_grid, minmay_misc_feat_rows
D:9:      minmay_the_grid_square_5x5_4x4 [minmay_the_grid_square_5x5_longway,
          minmay_the_grid_square_5x5_checkered,
          minmay_the_grid_square_5x5_minibox,
          minmay_the_grid_square_5x5_doubleslash,
          minmay_the_grid_square_5x5_three_small,
          minmay_the_grid_square_5x5_prize_junk,
          minmay_the_grid_square_5x5_prize_waves,
          minmay_the_grid_square_5x5_seven, minmay_the_grid_square_5x5_percent,
          minmay_the_grid_square_5x5_prize_snowflake,
          minmay_the_grid_square_5x5_prize_rear_guard,
          minmay_the_grid_square_5x5_bracketed,
          minmay_the_grid_square_5x5_hollow_slash,
          minmay_the_grid_square_5x5_forky, minmay_the_grid_square_5x5_detours,
          minmay_the_grid_square_5x5_bite], layout_irregular_city,
          grunt_temple_overflow_forces_of_nature, kennysheep_little_box,
          overflow_temple_1_default
Temple:   corrupted_temple

Skill      XL: |  1  2  3  4  5  6  7  8  9 10 |
---------------+-------------------------------+-----
Spellcasting   | 4 5 6 7 8 9 11 | 11.3
Ice Magic      | 5 6 7 8 9 10 | 10.3
Dodging        | 3 4 5 7 8 10 | 10.1
Fighting       | 1 2 3 4 5 6 |  6.7
Armour         | 1 3 |  3.0
Stealth        | |  2.4

Action                   |  1- 3 |  4- 6 |  7- 9 | 10-12 || total
-------------------------+-------+-------+-------+-------++-------
Melee: Unarmed           |     1 |       |       |       ||     1
       Dagger            |    59 |    28 |       |       ||    87
       Quarterstaff      |       |    38 |    28 |       ||    66
       Spear             |       |       |   219 |   108 ||   327
 Cast: Freeze            |    42 |    26 |     4 |     6 ||    78
       Frozen Ramparts   |     5 |    13 |    18 |    20 ||    56
  Use: Scroll            |       |       |     1 |     1 ||     2
 Stab: Sleeping          |       |     8 |    15 |    12 ||    35
       Paralysed         |       |     2 |       |       ||     2
       Distracted        |       |       |     1 |       ||     1
Armor: Robe              |    26 |    11 |    53 |       ||    90
       Leather armour    |       |       |    13 |    17 ||    30
Dodge: Dodged            |    73 |    55 |   146 |    70 ||   344

Table legend: (Time is in decaauts)
 A = Elapsed time spent in this place.
 B = Non-inter-level travel time spent in this place.
 C = Inter-level travel time spent in this place.
 D = Time resting spent in this place.
 E = Time spent auto-exploring this place.
 F = Levels seen in this place.
 G = Mean time per level.
                   A        B        C        D        E       F      G
               +--------+--------+--------+--------+--------+-----+--------+
         Total |   9975 |   9666 |    309 |    346 |   7666 |  11 |  906.8 |
       Dungeon |   9551 |   9261 |    290 |    346 |   7373 |   9 | 1061.2 |
        Temple |     36 |     17 |     19 |      0 |     15 |   1 |   36.0 |
       Ossuary |    387 |    387 |      0 |      0 |    278 |   1 |  387.0 |
               +--------+--------+--------+--------+--------+-----+--------+

Top non-repeatable levels by time:
     D:7: 1781 daAuts
     D:1: 1758 daAuts
     D:5: 1152 daAuts
     D:2: 1079 daAuts
     D:3: 979 daAuts
     D:8: 823 daAuts
     D:4: 814 daAuts
     D:6: 790 daAuts
 Ossuary: 387 daAuts
     D:9: 370 daAuts
  Temple: 36 daAuts
